SR
ORLANDO MAGIC @ AMARILLO WARHEADS
08/11/2032
 
TOP OF THE 1ST
Orlando Magic batting - Pitching for Amarillo Warheads : RHP Bill Tennant
Pitching: RHP Bill Tennant
Batting: LHB Jimmy Wilcox 0-0: Foul Ball, location: 2F
0-1: Foul Ball, location: 2F
0-2: Ball
1-2: Strikes out swinging
Batting: SHB Soren Loen 0-0: Called Strike
0-1: Ball
1-1: Swinging Strike
1-2: Ball
2-2: Fly out, F9 (Flyball, 9S)
Batting: LHB Ewan Manshert 0-0: Ball
1-0: Foul Ball, location: 2F
1-1: Swinging Strike
1-2: Ball
2-2: Ball
3-2: Foul Ball, location: 2F
3-2: SINGLE (Flyball, 8RM)
Batting: SHB Max Bortenschlager 0-0: Called Strike
0-1: Ball
1-1: Foul Ball, location: 2F
1-2: Strikes out looking
Top of the 1st over - 0 runs, 1 hit, 0 errors, 1 left on base; Orlando 0 - Amarillo 0
BOTTOM OF THE 1ST
Amarillo Warheads batting - Pitching for Orlando Magic : RHP Alfredo Rodríguez
Pitching: RHP Alfredo Rodríguez
Batting: SHB Damien Monroe 0-0: Hit by Pitch
Batting: RHB Scott Pearson 0-0: Ball
1-0: Swinging Strike
1-1: Ball
2-1: Swinging Strike
2-2: Foul Ball, location: 2F
2-2: Strikes out swinging
Batting: LHB Semo Hoaloha 0-0: Called Strike
Damien Monroe is caught stealing 2nd base
0-1: Ball
1-1: Swinging Strike
1-2: Fly out, F8 (Flyball, 89D)
Bottom of the 1st over - 0 runs, 0 hits, 0 errors, 0 left on base; Orlando 0 - Amarillo 0
TOP OF THE 2ND
Orlando Magic batting - Pitching for Amarillo Warheads : RHP Bill Tennant
Batting: RHB Héctor Dávila 0-0: Foul Ball, location: 2F
0-1: Ground out 4-3 (Groundball, 4M)
Batting: RHB Draza Boskovic 0-0: Ball
1-0: Foul Ball, location: 2F
1-1: Foul Ball, location: 2F
1-2: Ball
2-2: Ball
3-2: Strikes out looking
Batting: RHB Adrián Xirau 0-0: Ball
1-0: Foul Ball, location: 2F
1-1: Foul Ball, location: 2F
1-2: Fly out, F3 (Line Drive, 3)
Top of the 2nd over - 0 runs, 0 hits, 0 errors, 0 left on base; Orlando 0 - Amarillo 0
BOTTOM OF THE 2ND
Amarillo Warheads batting - Pitching for Orlando Magic : RHP Alfredo Rodríguez
Batting: RHB Salvadaro Sarachaga 0-0: SINGLE (Line Drive, 56D)
Batting: RHB Joe Rodgers 0-0: Ball
1-0: Foul Ball, location: 2F
1-1: Swinging Strike
1-2: Ball
2-2: Fly out, F4 (Line Drive, 4)
Batting: SHB Takechi Yamashita 0-0: Ball
1-0: Ball
2-0: Fly out, F8 (Flyball, 8LD)
Batting: RHB Kevin Bates 0-0: DOUBLE (Line Drive, 9)
Salvadaro Sarachaga to third
Runner from 3rd tries for Home, SAFE, throw made at trailing runner, OUT at third!
Bottom of the 2nd over - 1 run, 2 hits, 0 errors, 0 left on base; Orlando 0 - Amarillo 1
TOP OF THE 3RD
Orlando Magic batting - Pitching for Amarillo Warheads : RHP Bill Tennant
Batting: RHB Jesús Ríos 0-0: Ball
1-0: Called Strike
1-1: Ball
2-1: Called Strike
2-2: Strikes out swinging
Batting: RHB Ángel Castro 0-0: DOUBLE (Line Drive, 78D)
Batting: LHB Jimmy Wilcox 0-0: Ground out 4-3 (Groundball, 4S)
Ángel Castro to third
Batting: SHB Soren Loen 0-0: Fly out, F4 (Popup, 3DF)
Top of the 3rd over - 0 runs, 1 hit, 0 errors, 1 left on base; Orlando 0 - Amarillo 1
BOTTOM OF THE 3RD
Amarillo Warheads batting - Pitching for Orlando Magic : RHP Alfredo Rodríguez
Batting: RHB John Steele 0-0: Ball
1-0: Swinging Strike
1-1: Ball
2-1: Ball
3-1: Ground out 4-3 (Groundball, 4)
Batting: RHB Kiyohira Kan 0-0: Ground out 4-3 (Groundball, 4)
Batting: SHB Damien Monroe 0-0: Ball
1-0: Called Strike
1-1: Ball
2-1: Called Strike
2-2: Foul Ball, location: 2F
2-2: Ball
3-2: Foul Ball, location: 2F
3-2: Strikes out swinging
Bottom of the 3rd over - 0 runs, 0 hits, 0 errors, 0 left on base; Orlando 0 - Amarillo 1
TOP OF THE 4TH
Orlando Magic batting - Pitching for Amarillo Warheads : RHP Bill Tennant
Batting: LHB Ewan Manshert 0-0: Ball
1-0: Called Strike
1-1: Called Strike
1-2: Strikes out swinging
Batting: SHB Max Bortenschlager 0-0: Ball
1-0: Foul Ball, location: 2F
1-1: Fly out, F8 (Flyball, 78D)
Batting: RHB Héctor Dávila 0-0: Called Strike
0-1: Ground out 1-3 (Groundball, P)
Top of the 4th over - 0 runs, 0 hits, 0 errors, 0 left on base; Orlando 0 - Amarillo 1
BOTTOM OF THE 4TH
Amarillo Warheads batting - Pitching for Orlando Magic : RHP Alfredo Rodríguez
Batting: RHB Scott Pearson 0-0: Foul Ball, location: 2F
0-1: Ball
1-1: Ball
2-1: Ground out 6-3 (Groundball, 6)
Batting: LHB Semo Hoaloha 0-0: Ground out U3 (Groundball, 3)
Batting: RHB Salvadaro Sarachaga 0-0: Called Strike
0-1: Ball
1-1: Called Strike
1-2: Strikes out swinging
Bottom of the 4th over - 0 runs, 0 hits, 0 errors, 0 left on base; Orlando 0 - Amarillo 1
TOP OF THE 5TH
Orlando Magic batting - Pitching for Amarillo Warheads : RHP Bill Tennant
Batting: RHB Draza Boskovic 0-0: Ball
1-0: Ball
2-0: Ground out 6-3 (Groundball, 6)
Batting: RHB Adrián Xirau 0-0: Ball
1-0: SINGLE (Groundball, 6D)
Batting: RHB Jesús Ríos 0-0: Ball
1-0: Ball
2-0: Ground out 5-3 (Groundball, 56S)
Adrián Xirau to second
Batting: RHB Ángel Castro 0-0: Foul Ball, location: 2F
0-1: Ball
1-1: Fly out, F8 (Flyball, 8RS)
Top of the 5th over - 0 runs, 1 hit, 0 errors, 1 left on base; Orlando 0 - Amarillo 1
BOTTOM OF THE 5TH
Amarillo Warheads batting - Pitching for Orlando Magic : RHP Alfredo Rodríguez
Batting: RHB Joe Rodgers 0-0: Called Strike
0-1: Ball
1-1: Ball
2-1: Ball
3-1: Called Strike
3-2: Fly out, F7 (Line Drive, 7)
Batting: SHB Takechi Yamashita 0-0: Ball
1-0: Called Strike
1-1: Foul Ball, location: 2F
1-2: Strikes out swinging
Batting: RHB Kevin Bates 0-0: Swinging Strike
0-1: Ball
1-1: Swinging Strike
1-2: Ball
2-2: Ball
3-2: Base on Balls
Batting: RHB John Steele 0-0: Ball
1-0: Foul Ball, location: 2F
1-1: Ball
2-1: Foul Ball, location: 2F
2-2: Ball
3-2: Foul Ball, location: 2F
3-2: Foul Ball, location: 2F
3-2: SINGLE (Flyball, 8RS)
Kevin Bates to second
Kevin Bates to third
Batting: RHB Kiyohira Kan 0-0: Foul Ball, location: 2F
0-1: Ball
1-1: Ball
2-1: Fly out, F7 (Flyball, 78S)
Bottom of the 5th over - 0 runs, 1 hit, 0 errors, 2 left on base; Orlando 0 - Amarillo 1
TOP OF THE 6TH
Orlando Magic batting - Pitching for Amarillo Warheads : RHP Bill Tennant
Batting: LHB Jimmy Wilcox 0-0: Ball
1-0: Called Strike
1-1: Foul Ball, location: 2F
1-2: Reached via error on a dropped throw, E1
Batting: SHB Soren Loen 0-0: Ball
1-0: Foul Ball, location: 2F
1-1: Ground out 3-1 (Groundball, 34S)
Jimmy Wilcox to second
Batting: LHB Ewan Manshert 0-0: Ball
1-0: Ball
2-0: Ball
3-0: Base on Balls
Batting: SHB Max Bortenschlager 0-0: Ball
1-0: Ball
2-0: Foul Ball, location: 2F
2-1: Foul Ball, location: 2F
2-2: Strikes out swinging
Batting: RHB Héctor Dávila 0-0: Ball
1-0: Called Strike
1-1: Foul Ball, location: 2F
1-2: Ball
2-2: Strikes out swinging
Top of the 6th over - 0 runs, 0 hits, 1 error, 2 left on base; Orlando 0 - Amarillo 1
BOTTOM OF THE 6TH
Amarillo Warheads batting - Pitching for Orlando Magic : RHP Alfredo Rodríguez
Batting: SHB Damien Monroe 0-0: Swinging Strike
0-1: Called Strike
0-2: Ball
1-2: SINGLE (Groundball, 25) (infield hit)
Batting: RHB Scott Pearson 0-0: Ball
1-0: Foul Ball, location: 2F
1-1: Foul Ball, location: 2F
1-2: Foul Ball, location: 2F
1-2: Ball
2-2: Foul Ball, location: 2F
2-2: Strikes out looking
Batting: LHB Semo Hoaloha 0-0: Ball
Damien Monroe is caught stealing 2nd base
1-0: Called Strike
1-1: Fly out, F8 (Flyball, 8RS)
Bottom of the 6th over - 0 runs, 1 hit, 0 errors, 0 left on base; Orlando 0 - Amarillo 1
TOP OF THE 7TH
Orlando Magic batting - Pitching for Amarillo Warheads : RHP Bill Tennant
Batting: RHB Draza Boskovic 0-0: Called Strike
0-1: Ball
1-1: Ball
2-1: Called Strike
2-2: Fly out, F7 (Flyball, 7S)
Batting: RHB Adrián Xirau 0-0: Ball
1-0: SINGLE (Line Drive, 89M)
Batting: RHB Jesús Ríos 0-0: Fielders Choice at 2nd, 6-4 (Groundball, 6M)
Pinch Hitting: RHB Guillermo Pérez Pickoff Throw to First - Error! E1
Jesús Ríos to second
0-0: Called Strike
0-1: SINGLE (Line Drive, 78M)
Jesús Ríos to third
Runner from 3rd tries for Home, SAFE, no throw
Batting: LHB Jimmy Wilcox 0-0: Called Strike
0-1: Ground out 3-1 (Groundball, 34S)
Top of the 7th over - 1 run, 2 hits, 1 error, 1 left on base; Orlando 1 - Amarillo 1
BOTTOM OF THE 7TH
Amarillo Warheads batting - Pitching for Orlando Magic : RHP Alfredo Rodríguez
Now at SS: Guillermo Pérez
Batting: RHB Salvadaro Sarachaga 0-0: Called Strike
0-1: Swinging Strike
0-2: Foul Ball, location: 2F
0-2: Strikes out swinging
Batting: RHB Joe Rodgers 0-0: Ball
1-0: Foul Ball, location: 2F
1-1: Swinging Strike
1-2: Fly out, F7 (Flyball, 7S)
Batting: SHB Takechi Yamashita 0-0: Ball
1-0: Swinging Strike
1-1: Fly out, F8 (Flyball, 8LS)
Bottom of the 7th over - 0 runs, 0 hits, 0 errors, 0 left on base; Orlando 1 - Amarillo 1
TOP OF THE 8TH
Orlando Magic batting - Pitching for Amarillo Warheads : RHP Bill Tennant
Batting: SHB Soren Loen 0-0: Called Strike
0-1: SINGLE (Line Drive, 9S)
Batting: LHB Ewan Manshert 0-0: Ball
1-0: Ball
2-0: Called Strike
2-1: Ball
3-1: Called Strike
3-2: Fly out, F2 (Popup, 25F)
Pitching: LHP Joël Delorme
Batting: SHB Max Bortenschlager 0-0: Called Strike
0-1: Called Strike
0-2: Strikes out swinging
Batting: RHB Héctor Dávila 0-0: Called Strike
0-1: SINGLE (Groundball, 4MD)
Soren Loen to second
Runner from 2nd tries for 3rd, SAFE, throw made to third
Batting: RHB Draza Boskovic 0-0: Called Strike
0-1: Called Strike
0-2: Ball
1-2: Strikes out swinging
Top of the 8th over - 0 runs, 2 hits, 0 errors, 2 left on base; Orlando 1 - Amarillo 1
BOTTOM OF THE 8TH
Amarillo Warheads batting - Pitching for Orlando Magic : RHP Alfredo Rodríguez
Batting: RHB Kevin Bates 0-0: Foul Ball, location: 2F
0-1: Ball
1-1: Foul Ball, location: 2F
1-2: Ball
2-2: Ball
3-2: Foul Ball, location: 2F
3-2: Fly out, F7 (Flyball, 7S)
Pitching: LHP Alejandro Amador
Batting: RHB John Steele 0-0: Ball
1-0: Swinging Strike
1-1: Called Strike
1-2: Foul Ball, location: 2F
1-2: Foul Ball, location: 2F
1-2: Ball
2-2: Foul Ball, location: 2F
2-2: Ball
3-2: Foul Ball, location: 2F
3-2: Strikes out swinging
Batting: RHB Kiyohira Kan 0-0: Called Strike
0-1: Ball
1-1: Ball
2-1: Swinging Strike
2-2: Foul Ball, location: 2F
2-2: Strikes out swinging
Bottom of the 8th over - 0 runs, 0 hits, 0 errors, 0 left on base; Orlando 1 - Amarillo 1
TOP OF THE 9TH
Orlando Magic batting - Pitching for Amarillo Warheads : LHP Joël Delorme
Batting: RHB Adrián Xirau 0-0: Ball
1-0: Called Strike
1-1: Foul Ball, location: 2F
1-2: Foul Ball, location: 2F
1-2: Foul Ball, location: 2F
1-2: Foul Ball, location: 2F
1-2: Strikes out looking
Batting: RHB Jesús Ríos 0-0: Called Strike
0-1: Swinging Strike
0-2: Strikes out swinging
Batting: RHB Guillermo Pérez 0-0: Foul Ball, location: 2F
0-1: Foul Ball, location: 2F
0-2: Ground out 6-3 (Groundball, 6)
Top of the 9th over - 0 runs, 0 hits, 0 errors, 0 left on base; Orlando 1 - Amarillo 1
BOTTOM OF THE 9TH
Amarillo Warheads batting - Pitching for Orlando Magic : LHP Alejandro Amador
Batting: SHB Damien Monroe 0-0: Ball
1-0: Called Strike
1-1: Ball
2-1: Ball
3-1: Foul Ball, location: 2F
3-2: SINGLE (Groundball, 4MD)
Batting: RHB Scott Pearson 0-0: Ball
1-0: Swinging Strike
1-1: Swinging Strike
1-2: Strikes out swinging
Batting: LHB Semo Hoaloha 0-0: Ball
1-0: Called Strike
1-1: Foul Ball, location: 2F
1-2: Foul Ball, location: 2F
1-2: Ball
2-2: Strikes out swinging
Batting: RHB Salvadaro Sarachaga 0-0: Called Strike
0-1: Ball
Pickoff Throw by Catcher to First - Error! E2
Damien Monroe to second
1-1: Foul Ball, location: 2F
1-2: Ball
2-2: Foul Ball, location: 2F
2-2: Foul Ball, location: 2F
2-2: Foul Ball, location: 2F
2-2: SINGLE (Groundball, 56D)
Damien Monroe to third
Runner from 3rd tries for Home, throw and OUT!
Bottom of the 9th over - 0 runs, 2 hits, 1 error, 1 left on base; Orlando 1 - Amarillo 1
TOP OF THE 10TH
Orlando Magic batting - Pitching for Amarillo Warheads : LHP Joël Delorme
Pinch Hitting: RHB J.J. Holmes 0-0: Ball
1-0: Ball
2-0: Ball
3-0: Called Strike
3-1: SINGLE (Groundball, 4MD)
Batting: SHB Soren Loen 0-0: Ball
1-0: Ball
2-0: Called Strike
2-1: Grounds into double play, 4-6-3 (Groundball, 4)
Batting: LHB Ewan Manshert 0-0: Ball
1-0: Swinging Strike
1-1: Ball
2-1: Ball
3-1: Base on Balls
Batting: SHB Max Bortenschlager 0-0: SINGLE (Line Drive, 89S)
Ewan Manshert to second
Runner from 2nd tries for 3rd, SAFE, no throw
Batting: RHB Héctor Dávila 0-0: Swinging Strike
0-1: Swinging Strike
0-2: Ball
1-2: Strikes out swinging
Top of the 10th over - 0 runs, 2 hits, 0 errors, 2 left on base; Orlando 1 - Amarillo 1
BOTTOM OF THE 10TH
Amarillo Warheads batting - Pitching for Orlando Magic : LHP Alejandro Amador
Now at 3B: J.J. Holmes
Batting: RHB Joe Rodgers 0-0: Called Strike
0-1: Swinging Strike
0-2: Strikes out looking
Pinch Hitting: RHB Geoff May 0-0: Ball
1-0: Ball
2-0: Ball
3-0: Called Strike
3-1: Foul Ball, location: 2F
3-2: Base on Balls
Batting: RHB Kevin Bates 0-0: Foul Ball, location: 2F
0-1: Swinging Strike
0-2: Strikes out swinging
Pinch Hitting: SHB John Wilder 0-0: Ball
1-0: Called Strike
1-1: Called Strike
1-2: SINGLE (Line Drive, 6D)
Geoff May to second
Batting: RHB Kiyohira Kan 0-0: Called Strike
0-1: Swinging Strike
0-2: Ball
1-2: Foul Ball, location: 2F
1-2: Strikes out swinging
Bottom of the 10th over - 0 runs, 1 hit, 0 errors, 2 left on base; Orlando 1 - Amarillo 1
TOP OF THE 11TH
Orlando Magic batting - Pitching for Amarillo Warheads : LHP Joël Delorme
Now at C: Geoff May
Now at SS: Richard Mullins
Batting: RHB Draza Boskovic 0-0: Swinging Strike
0-1: Foul Ball, location: 2F
0-2: Fly out, F6 (Line Drive, 6)
Batting: RHB Adrián Xirau 0-0: Called Strike
0-1: Ball
1-1: Swinging Strike
1-2: DOUBLE (Line Drive, 89D)
Batting: RHB Jesús Ríos 0-0: Ball
1-0: Foul Ball, location: 2F
1-1: Ball
2-1: Ball
3-1: Foul Ball, location: 2F
3-2: Foul Ball, location: 2F
3-2: Base on Balls
Batting: RHB Guillermo Pérez 0-0: Fly out, F7 (Flyball, 78S)
Batting: RHB J.J. Holmes 0-0: Ball
1-0: Ball
2-0: Fielders Choice at 2nd, 6-4 (Groundball, 6)
Top of the 11th over - 0 runs, 1 hit, 0 errors, 2 left on base; Orlando 1 - Amarillo 1
BOTTOM OF THE 11TH
Amarillo Warheads batting - Pitching for Orlando Magic : LHP Alejandro Amador
Batting: SHB Damien Monroe 0-0: Ball
1-0: Called Strike
1-1: Called Strike
1-2: DOUBLE (Flyball, 89D)
Batting: RHB Scott Pearson 0-0: Intentional Walk
Batting: LHB Semo Hoaloha 0-0: Called Strike
0-1: Ball
1-1: Ball
2-1: SINGLE (Groundball, 5D)
Damien Monroe to third
Scott Pearson to second
Runner from 3rd tries for Home, SAFE, no throw
Wednesday, September 19th, 2018 - OOTP Baseball 18.8 Build 76